 Dungeon Crawl Stone Soup version 0.31-a0-164-g2312942fda (webtiles) character file.

Game seed: 4386977765551537632

17670 senseless the Grappler (level 12, -13/122 HPs)
             Began as a Troll Transmuter on June 13, 2023.
             Was a High Priest of Wu Jian.
             Mangled by Urug
             ... wielding a +0 great mace of protection
              (18 damage)
             ... on level 12 of the Dungeon.
             The game lasted 00:40:39 (12110 turns).

senseless the Grappler (Troll Transmuter)          Turns: 12110, Time: 00:40:40

Health: -13/122    AC: 12    Str: 21    XL:     12   Next: 20%
Magic:  20/20      EV: 11    Int: 18    God:    Wu Jian [*****.]
Gold:   173        SH:  0    Dex: 10    Spells: 18/23 levels left

rFire   + .          .
                       - Unarmed
rCold   + . .        (no shield)
rNeg    . . .        H - +3 troll leather armour of Kikubaaqudgha {Regen+ Int+5}
rPois   .            (helmet currently unavailable)
rElec   .            C - +2 cloak
rCorr   .            (gloves unavailable)
SInv    +            (boots unavailable)
Will    .....        (no amulet)
Stlth   +            D - ring "Bamas" {*Slow Fly rF+ SInv}
HPRegen 2.00/turn    y - ring of protection from cold
MPRegen 0.17/turn

%: slow self (1%)
@: appendages, wereblooded, flying, studying Fighting
A: horns 2, talons 2, large, unfitting armour, claws 3, regeneration 1, shaggy
fur 1, tough skin 1, sense surroundings 1
a: End Transformation, Renounce Religion, Wall Jump, Serpent's Lash, Heavenly
Storm


You were on level 12 of the Dungeon.
You worshipped Wu Jian.
Wu Jian was extremely pleased with you.
You had temporarily grown beastly horns and talons.
You visited 2 branches of the dungeon, and saw 13 of its levels.

You collected 909 gold pieces.
You spent 736 gold pieces at shops.

Inventory:

Hand Weapons
 o - a +3 whip
 p - a +3 vampiric rapier
 q - a +6 heavy flail
 u - a +2 dagger of holy wrath
 K - a +4 mace of holy wrath
Missiles
 n - 5 throwing nets
Armour
 v - a +2 robe of willpower
 C - a +2 cloak (worn)
 G - a +0 robe of the Archmagi
 H - the +3 troll leather armour of Kikubaaqudgha (worn) {Regen+ Int+5}
   (You bought it in a shop on level 6 of the Dungeon)

   Int:       It affects your intelligence (+5).
   Regen:     It increases your rate of health regeneration.
Magical Staves
 w - a staff of conjuration
Jewellery
 l - a ring of resist corrosion
 y - a ring of protection from cold (right claw)
 D - the ring "Bamas" (left claw) {*Slow Fly rF+ SInv}
   (You found it on level 10 of the Dungeon)

   [ring of see invisible]

   rF:        It protects you from fire.
   SInv:      It lets you see invisible.
   Fly:       It grants you flight.
   *Slow:     It may slow you when you take damage.
 J - the amulet of Jeusecij {rElec Will- Regen+ rCorr Int+2}
   (You took it off a gnoll on level 7 of the Dungeon)

   [amulet of regeneration]

   Int:       It affects your intelligence (+2).
   rElec:     It insulates you from electricity.
   Regen:     It increases your rate of health regeneration.
   rCorr:     It protects you from acid and corrosion.
   Will:      It decreases your willpower.
Wands
 t - a wand of flame (28)
 A - a wand of charming (4)
 B - a wand of iceblast (8)
 E - a wand of mindburst (8)
 I - a wand of acid (19)
Scrolls
 c - 4 scrolls of vulnerability
 f - 2 scrolls of butterflies
 h - 5 scrolls of amnesia
 i - 2 scrolls of revelation
 s - a scroll of teleportation
 x - 2 scrolls of enchant armour
 F - 2 scrolls of poison
 L - a scroll of fog
Potions
 a - a potion of berserk rage
 b - 3 potions of lignification
 d - a potion of attraction
 e - 4 potions of might
 g - 3 potions of curing
 j - 2 potions of cancellation
 k - 5 potions of enlightenment
 r - 3 potions of magic
 z - 3 potions of brilliance


   Skills:
 + Level 8.4 Fighting
 + Level 7.8 Dodging
 + Level 9.6 Unarmed Combat
 + Level 6.0 Spellcasting
 + Level 7.1 Transmutations


You had 18 spell levels left.
You knew the following spells:

 Your Spells              Type           Power      Damage    Failure   Level
a - Beastly Appendage     Tmut           62%        N/A       1%          1
b - Wereblood             Tmut           31%        N/A       1%          2
c - Passwall              Tmut/Erth      15%        N/A       4%          2

Your spell library contained the following spells:

 Spells                   Type           Power      Damage    Failure   Level
 Spider Form              Tmut/Pois      18%        N/A       10%         3
 Ensorcelled Hibernation  Hex/Ice        10%        N/A       21%         2
 Lesser Beckoning         Tloc           10%        N/A       21%         2
 Ice Form                 Ice/Tmut       18%        N/A       30%         4
 Dazzling Flash           Conj/Hex       10%        N/A       38%         3
 Gell's Gravitas          Tloc           5%         N/A       38%         3
 Swiftness                Air            5%         N/A       38%         3
 Teleport Other           Tloc           5%         N/A       38%         3
 Volatile Blastmotes      Fire/Tloc      10%        2d10      38%         3
 Iskenderun's Mystic Bla  Conj/Tloc      5%         2d3       80%         4
 Passage of Golubria      Tloc           5%         N/A       80%         4
 Silence                  Hex/Air        2%         N/A       98%         5
 Starburst                Conj/Fire      2%         6d3       100%        6
 Lehudib's Crystal Spear  Conj/Erth      2%         10d2      100%        8


Dungeon Overview and Level Annotations

Branches:
Dungeon (12/15)            Temple (1/1) D:4            Lair (0/5) D:11
    Orc (0/2) D:10

Altars:
Ashenzari
Cheibriados
Dithmenos
Elyvilon
Fedhas
Gozag
Hepliaklqana
Kikubaaqudgha
Makhleb
Nemelex Xobeh
Okawaru
Qazlal
Ru
Sif Muna
Trog
Uskayaw
Vehumet
Wu Jian
Xom
Yredelemnul
Zin
The Shining One

Shops:
D:4 ?   D:6 [

Annotations:
D:11 3 runed translucent doors, sausages's ghost, journeyman TrGl
D:12 Urug


Innate Abilities, Weirdness & Mutations

You have temporarily grown beastly horns and talons.
You are too large for most types of armour.
You have claws for hands.
Your natural rate of healing is unusually fast.
You are covered in fur. (AC +1)
You have tough skin. (AC +1)
You passively map a small area around you.


Message History

Urug hits you with a +0 great mace of protection.
You feel sick.
You closely miss the vampire. Your kick misses the vampire.
You headbutt the vampire, but do no damage.
You howl as the wereblood boils in your veins!
You feel sick. The vampire hits you. The vampire barely misses you.
Urug hits you with a +0 great mace of protection!!
You claw the vampire!
The vampire is moderately damaged.
You feel sick. The vampire hits you. The vampire bites you!
The vampire draws strength from your injuries!
Urug closely misses you.
You claw the vampire! Your headbutt misses the vampire.
You claw the vampire, but do no damage.
The vampire is heavily damaged.
You howl as the wereblood boils in your veins!
The vampire hits you!
The vampire bites you but does no damage.
Urug barely misses you.
You scratch the vampire. Your kick misses the vampire.
Your headbutt misses the vampire.
The vampire is severely damaged.
You feel sick. The vampire draws life force from you!
* * * LOW HITPOINT WARNING * * *
The vampire is healed by the life force!
Urug hits you with a +0 great mace of protection!!
* * * LOW HITPOINT WARNING * * *
You feel much better.
You feel sick.
The vampire gestures at you while chanting.
You resist with some effort.
Urug hits you with a +0 great mace of protection!
* * * LOW HITPOINT WARNING * * *
You feel better. The vampire closely misses you. The vampire bites you.
* * * LOW HITPOINT WARNING * * *
The vampire draws strength from your injuries!
Urug hits you with a +0 great mace of protection!!
* * * LOW HITPOINT WARNING * * *
Urug attacks as you move away!
Urug hits you with a +0 great mace of protection!!
You die...

................. , *
................K,, * *
................, , ,
##.............. ,,, ,
#.............#
##............)#########
........................
, ,
...............oV#######
, ##..############@# *
#..# #.# , #..# #.#
#..############.#######*
##......................
........................
, ,
###..########...(....^..
###..# #.##########
.....########........


You could see Urug and a vampire.

Vanquished Creatures
  An ogre mage (D:11)
  4 two-headed ogres
  A skeletal warrior (D:11)
  The ghost of bmj180 the Slasher, a novice FoFi of Okawaru (D:7)
  An ugly thing (D:12)
  2 manticores
  2 cyclopes (D:11)
  An elephant (D:11)
  2 unseen horrors
  A kobold demonologist (D:12)
  A troll (D:11)
  2 hornets
  Grinder (D:3)
  2 shadows
  A vampire (D:11)
  2 wraiths
  2 water elementals (D:11)
  2 wyverns
  24 yaks
  A water moccasin (D:7)
  3 black bears
  9 orc warriors
  2 sky beasts (D:7)
  3 ogres
  A phantom (D:6)
  4 centaurs
  4 kobold brigands
  5 bullfrogs
  A scorpion (D:6)
  4 gnoll sergeants (D:7)
  3 wights (D:7)
  4 killer bees (D:10)
  9 howler monkeys
  8 electric eels (D:11)
  3 jellies
  A gnoll bouda (D:7)
  Crazy Yiuf (D:7)
  10 orc priests
  5 hounds
  Jessica (D:3)
  4 iguanas
  A sleepcap (D:8)
  11 orc wizards
  Natasha (thrice) (D:3)
  Robin (D:3)
  13 gnolls
  8 adders
  2 shadow imps (D:7)
  3 dart slugs
  69 orcs
  7 ball pythons
  6 endoplasms
  A giant cockroach (D:3)
  17 goblins
  8 hobgoblins
  3 jackals (D:2)
  24 kobolds
  6 quokkas
  7 bats
  2 frilled lizards
  2 rats (D:2)
333 creatures vanquished.

Vanquished Creatures (others)
  An orc wizard (D:11)
  2 kobolds (D:11)
  A frilled lizard (D:2)
4 creatures vanquished.

Grand Total: 337 creatures vanquished

Notes
Turn   | Place    | Note
-------+----------+-------------------------------------------
     0 | D:1      | senseless the Troll Transmuter began the quest for the Orb.
     0 | D:1      | Reached XP level 1. HP: 18/18 MP: 1/1
   101 | D:1      | Reached skill level 1 in Fighting
   160 | D:1      | You fall into a shaft and drop 1 floor!
   187 | D:2      | Reached XP level 2. HP: 27/27 MP: 0/3
   384 | D:2      | Learned a level 2 spell: Wereblood
   647 | D:1      | Reached XP level 3. HP: 33/33 MP: 2/4
  1679 | D:2      | Reached XP level 4. HP: 41/41 MP: 3/5
  2164 | D:3      | Noticed Natasha
  2177 | D:3      | Reached XP level 5. HP: 33/49 MP: 1/6
  2184 | D:3      | Killed Natasha
  2227 | D:3      | Noticed Natasha
  2229 | D:3      | Noticed Grinder
  2239 | D:3      | Killed Natasha
  2247 | D:3      | Paralysed by Grinder for 3 turns
  2256 | D:3      | Killed Grinder
  2257 | D:3      | Reached skill level 4 in Unarmed Combat
  2257 | D:3      | Reached XP level 6. HP: 36/59 MP: 2/8
  2339 | D:3      | Noticed Robin
  2359 | D:3      | Killed Robin
  2406 | D:3      | Noticed Jessica
  2412 | D:3      | Killed Jessica
  2416 | D:3      | Noticed Natasha
  2423 | D:3      | Killed Natasha
  2912 | D:3      | Gained mutation: You passively map a small area around you.
                  | [potion of mutation]
  3124 | D:4      | Found a burning altar of Makhleb.
  3151 | D:4      | Found a staircase to the Ecumenical Temple.
  3161 | Temple   | Entered the Ecumenical Temple
  3161 | Temple   | Found a transporter.
  3161 | Temple   | Found a transporter.
  3181 | Temple   | Found a transporter.
  3181 | Temple   | Found a transporter.
  3216 | Temple   | Became a worshipper of the Wu Jian Council
  3235 | D:4      | Reached XP level 7. HP: 66/66 MP: 7/9
  3451 | D:4      | Found Ciprajat's Magic Scroll Shoppe.
  3472 | D:4      | Bought a scroll of butterflies for 44 gold pieces
  3472 | D:4      | Bought a scroll of identify for 22 gold pieces
  3472 | D:4      | Bought 2 scrolls of identify for 44 gold pieces
  3472 | D:4      | Bought a scroll of identify for 22 gold pieces
  3472 | D:4      | Bought a scroll of revelation for 82 gold pieces
  3903 | D:5      | Entered Level 5 of the Dungeon
  3934 | D:5      | Reached skill level 5 in Unarmed Combat
  4017 | D:5      | Reached XP level 8. HP: 74/75 MP: 6/11
  4242 | D:5      | Reached * piety under Wu Jian
  5899 | D:6      | Killed an unseen horror
  5900 | D:6      | Reached skill level 6 in Unarmed Combat
  5900 | D:6      | Reached XP level 9. HP: 38/85 MP: 13/13
  5946 | D:6      | Found Eskof's Armour Emporium.
  6183 | D:6      | Found a blossoming altar of Fedhas.
  6183 | D:6      | Found a broken altar of Ashenzari.
  6586 | D:7      | Reached skill level 5 in Dodging
  6762 | D:7      | Reached ** piety under Wu Jian
  6896 | D:7      | Identified the +1 buckler of Vexation {Contam +Blink rF++
                  | Stlth+}
  6905 | D:7      | Reached skill level 5 in Fighting
  6970 | D:7      | Found a transporter.
  6984 | D:7      | Noticed bmj180's ghost (novice FoFi)
  6984 | D:7      | Identified the amulet of Jeusecij {rElec Will- Regen+ rCorr
                  | Int+2}
  7034 | D:7      | Found a transporter.
  7077 | D:7      | Found a runed translucent door.
  7078 | D:7      | Noticed Crazy Yiuf
  7257 | D:7      | Killed Crazy Yiuf
  7482 | D:8      | Killed an unseen horror
  7573 | D:8      | Reached skill level 7 in Unarmed Combat
  7573 | D:8      | Reached skill level 5 in Transmutations
  7895 | D:8      | Reached XP level 10. HP: 85/96 MP: 13/15
  8138 | D:8      | Reached *** piety under Wu Jian
  8425 | D:9      | Noticed a two-headed ogre
  8439 | D:9      | Killed a two-headed ogre
  8842 | D:9      | Reached **** piety under Wu Jian
  8843 | D:9      | Reached skill level 8 in Unarmed Combat
  8918 | D:9      | Noticed a two-headed ogre
  8925 | D:9      | Killed a two-headed ogre
  9294 | D:10     | Entered Level 10 of the Dungeon
  9344 | D:10     | Reached skill level 5 in Spellcasting
  9361 | D:10     | Reached XP level 11. HP: 72/107 MP: 17/17
  9431 | D:10     | Found a staircase to the Orcish Mines.
  9543 | D:10     | Found a hide-covered altar of Uskayaw.
  9585 | D:10     | Learned a level 2 spell: Passwall
  9613 | D:10     | Found a stormy altar of Qazlal.
  9650 | D:10     | Identified the ring "Bamas" {*Slow Fly rF+ SInv}
 10099 | D:6      | Bought the +3 troll leather armour of Kikubaaqudgha {Regen+
                  | Int+5} for 522 gold pieces
 10171 | D:7      | Reached ***** piety under Wu Jian
 10185 | D:7      | Killed bmj180's ghost
 10575 | D:11     | Noticed a two-headed ogre
 10582 | D:11     | Killed a two-headed ogre
 10602 | D:11     | Reached skill level 9 in Unarmed Combat
 10658 | D:11     | Noticed a two-headed ogre
 10729 | D:11     | Killed a two-headed ogre
 10837 | D:11     | Noticed a skeletal warrior
 10838 | D:11     | Noticed an ogre mage
 10851 | D:11     | Killed a skeletal warrior
 10853 | D:11     | Killed an ogre mage
 11056 | D:11     | Reached XP level 12. HP: 81/119 MP: 17/19
 11418 | D:11     | Found a staircase to the Lair.
 11470 | D:11     | Found a runed translucent gate.
 11471 | D:11     | Found a runed translucent gate.
 11471 | D:11     | Found a runed translucent gate.
 11542 | D:11     | Noticed sausages's ghost (journeyman TrGl)
 11893 | D:12     | Found a blossoming altar of Fedhas.
 12086 | D:12     | Noticed Urug
 12107 | D:12     | HP: 2/122 [Urug/+0 great mace of protection (27)]
 12110 | D:12     | Mangled by Urug

Illustrated notes

Levels and vault maps discovered:
D:1:      dpeg_arrival_long_road, layout_loops_corners
D:2:      layout_loops_ring, lemuel_flame_loot_1
D:3:      layout_loops_ring, kennysheep_boxes, uniq_natasha, uniq_robin,
          uniq_jessica, uniq_grinder
D:4:      black_bear_nest_2, layout_loops_cross, nicolae_overflow_crystal_walls,
          minmay_temple_entry_wispy, serial_shops, shop, chequers_mini_garden
D:5:      layout_layer_cave
D:6:      layout_cave_pods, gammafunk_temple_overflow_wave, serial_shops, shop,
          serial_park, serial_park_square2, serial_park_avenue1,
          serial_park_gazebo [serial_park_minivault_5x5_3],
          serial_park_tiny_pond, serial_park_square1
          [serial_park_minivault_5x5_7], st_stairs_8, minmay_misc_feat_plants
D:7:      layout_loops_ring, gammafunk_ghost_gnarly_gnolls,
          uniq_crazy_yiuf_cottage
D:8:      layout_loops_ring, special_room [special_room_orc]
D:9:      layout_big_octagon
D:10:     layout_loops_ring, amcnicky_altar_gilded,
          mainiacjoe_overflow_surrounded_room, david_orc_4
D:11:     layout_basic, david_lair_generic, serial_bayou, serial_bayou_lagoon_b,
          serial_bayou_shore_b, serial_bayou_lagoon_a, serial_bayou_pond_a,
          gammafunk_ghost_spectres, minmay_checkerbox
D:12:     layout_long_grid, fedhas_ov_isle_minmay, uniq_urug
Temple:   hellmonk_temple_divided_pantheon

Skill      XL: |  1  2  3  4  5  6  7  8  9 10 11 12 |
---------------+-------------------------------------+-----
Fighting       | 1 2 3 4 5 6 8 |  8.4
Dodging        | 2 3 4 5 6 7 |  7.8
Transmutations | 2 3 4 5 6 7 |  7.1
Spellcasting   | 2 3 4 5 6 |  6.0
Unarmed Combat | 4 5 6 7 8 9 |  9.6

Action                     |  1- 3 |  4- 6 |  7- 9 | 10-12 || total
---------------------------+-------+-------+-------+-------++-------
  Melee: Unarmed           |    82 |    91 |   274 |   443 ||   890
         Kick              |    13 |    16 |    65 |   124 ||   218
         Headbutt          |     4 |    10 |    42 |    75 ||   131
         Punch             |     2 |     3 |     7 |    21 ||    33
   Cast: Beastly Appendage |    24 |    16 |    55 |    43 ||   138
         Wereblood         |       |     9 |    33 |    38 ||    80
Ability: Lunge             |       |       |    22 |    27 ||    49
         Whirlwind         |       |       |       |     5 ||     5
    Use: Scroll            |       |     8 |    10 |     7 ||    25
         Potion            |       |     1 |       |     6 ||     7
   Stab: Sleeping          |     1 |       |       |       ||     1
 Armour: Robe              |    20 |    25 |    89 |   113 ||   247
         Troll leather arm |       |       |       |    72 ||    72
  Dodge: Dodged            |    37 |    32 |    99 |   267 ||   435

Table legend: (Time is in decaauts)
 A = Elapsed time spent in this place.
 B = Non-inter-level travel time spent in this place.
 C = Inter-level travel time spent in this place.
 D = Time resting spent in this place.
 E = Time spent auto-exploring this place.
 F = Levels seen in this place.
 G = Mean time per level.
                   A        B        C        D        E       F      G
               +--------+--------+--------+--------+--------+-----+--------+
         Total |  12055 |  11272 |    783 |    400 |   8893 |  13 |  927.3 |
       Dungeon |  11986 |  11210 |    776 |    400 |   8869 |  12 |  998.8 |
        Temple |     68 |     61 |      7 |      0 |     24 |   1 |   68.0 |
               +--------+--------+--------+--------+--------+-----+--------+

Top non-repeatable levels by time:
     D:5: 1421 daAuts
    D:11: 1231 daAuts
     D:6: 1129 daAuts
     D:7: 1117 daAuts
     D:8: 1094 daAuts
     D:1: 1032 daAuts
    D:10: 1024 daAuts
     D:3: 1008 daAuts
     D:2: 946 daAuts
     D:9: 907 daAuts
     D:4: 831 daAuts
    D:12: 241 daAuts
  Temple: 68 daAuts
